AoeStats
← waw15

African Clearing

504728725Analyzed
4v4 RM · 25d ago on Sep 6, 2026· 59m 11s· 8 players
Game mode
Random Map
Map size
Large (8 player)
Population
200
Speed
Normal
Resources
Standard
Victory
Conquest
Starting age
Dark Age
Ending age
Imperial Age
RankedLock teamsTeams togetherTeam positionsShared explorationLock speedFull tech treeHidden civsTurbo modeCheats
Victory
Defeat
🇧🇷 Maya · Brazil
961
+14
🇹🇷 Wei · Türkiye
955
+38
🇭🇰 Persians · Hong Kong SAR China
942
+15
🇬🇧 Japanese · United Kingdom
919
+16
🇨🇳 Mongols · China
928
-15
🇵🇬 Jurchens · Papua New Guinea
917
-15
🇨🇳 Spanish · China
914
-15
🇯🇵 Maya · Japan
889
-14
しこっぴ
4:02 Loom
16:04 Feudal Age
16:54 Town Watch
16:59 Double-Bit Axe
17:06 Gold Mining
22:45 Castle Age
20:40 Stone Mining
23:11 Horse Collar
23:42 Fletching
23:16 Crossbowman
24:17 Bow Saw
24:46 Bodkin Arrow
24:51 Padded Archer Armor
27:11 Heavy Plow
29:27 Ballistics
29:03 Murder Holes
34:35 Leather Archer Armor
40:57 Imperial Age
39:55 Forging
39:46 Scale Mail Armor
40:48 Squires
40:09 Eagle Warrior
40:35 Arson
42:11 Conscription
45:38 Wheelbarrow
46:30 Chain Mail Armor
46:57 Elite Eagle Warrior
49:42 Plate Mail Armor
52:45 Hoardings
53:33 Iron Casting
52:59 Bracer
54:44 Holcans
种田使我快乐
12:30 Loom
15:25 Feudal Age
19:42 Castle Age
19:45 Forging
20:27 Scale Barding Armor
24:52 Fletching
47:17 Wheelbarrow
49:07 Double-Bit Axe
49:17 Horse Collar
50:43 Heavy Plow
50:54 Bow Saw
51:24 Gold Mining
51:28 Stone Mining
57:32 Nomads
59:06 Stone Shaft Mining
种地的老农
3:30 Loom
14:09 Feudal Age
19:06 Castle Age
18:17 Double-Bit Axe
22:57 Horse Collar
30:21 Heavy Plow
34:45 Ballistics
41:13 Imperial Age
38:36 Fletching
42:39 Supremacy
44:11 Bow Saw
46:09 Forging
47:27 Elite Conquistador
48:40 Scale Barding Armor
49:43 Bodkin Arrow
55:30 Murder Holes
55:46 Masonry
56:37 Chemistry
57:37 Squires
56:57 Pikeman
58:44 Scale Mail Armor
58:45 Padded Archer Armor
Tedex
18:02 Feudal Age
22:54 Castle Age
21:46 Scale Barding Armor
21:53 Forging
23:06 Stone Mining
31:33 Gold Mining
36:26 Double-Bit Axe
51:07 Bow Saw
waw15
8:00 Loom
13:45 Feudal Age
18:12 Castle Age
17:55 Double-Bit Axe
17:53 Horse Collar
18:09 Stone Mining
18:09 Gold Mining
19:50 Fletching
20:52 Gold Mining
22:25 Pikeman
22:27 Man-at-Arms
41:11 Yasama
42:11 Bow Saw
44:19 Wheelbarrow
45:35 Guard Tower
49:30 Heavy Plow
51:14 Thumb Ring
54:11 Forging
54:01 Scale Mail Armor
59:28 Imperial Age
57:56 Elite Skirmisher
Zurin Arctus
10:26 Loom
13:45 Feudal Age
19:08 Castle Age
17:15 Double-Bit Axe
18:34 Horse Collar
19:12 Bloodlines
20:01 Scale Barding Armor
26:07 Bow Saw
31:51 Husbandry
32:38 Wheelbarrow
37:07 Hand Cart
41:33 Imperial Age
39:59 Fletching
41:41 Heavy Hei Guang Cavalry
42:55 Ming Guang Armor
41:55 Elite Tiger Cavalry
44:10 Stone Mining
44:17 Gold Mining
45:01 Forging
45:11 Chain Barding Armor
44:47 Bodkin Arrow
47:01 Iron Casting
49:16 Light Cavalry
51:21 Blast Furnace
50:21 Bracer
50:35 Hussar
56:15 Conscription
55:58 Tuntian
57:36 Ming Guang Armor
Hunter
6:58 Loom
14:57 Feudal Age
18:59 Castle Age
20:56 Double-Bit Axe
24:28 Fletching
27:30 Horse Collar
29:33 Padded Archer Armor
42:02 Imperial Age
40:11 Gold Mining
40:37 Bow Saw
40:26 Bodkin Arrow
41:30 Ballistics
45:38 Bracer
49:15 Leather Archer Armor
49:07 Thumb Ring
旺旺
17:09 Feudal Age
17:39 Double-Bit Axe
24:56 Castle Age
22:57 Stone Mining
22:50 Horse Collar
23:44 Gold Mining
26:07 Bow Saw
26:03 Heavy Plow
34:44 Imperial Age
36:39 Two-Man Saw
36:14 Crop Rotation
36:40 Wheelbarrow
36:13 Husbandry
36:24 Bloodlines
36:02 Arson
36:18 Squires
35:39 Pikeman
37:15 Scale Mail Armor
38:28 Hand Cart
40:13 Gold Shaft Mining
39:07 Cavalier
39:56 Scale Barding Armor
42:10 Halberdier
43:14 Chain Barding Armor
45:42 Plate Barding Armor
45:23 Chain Mail Armor
45:18 Forging
44:51 Elite War Elephant
46:28 Savar
47:35 Conscription
48:24 Plate Mail Armor
50:38 Iron Casting
52:21 Blast Furnace
Connection lost

Rejoining the realm…

Still unreachable

The connection could not be restored.

Session expired

The server has moved on; the page needs a fresh start.